 Dungeon Crawl Stone Soup version 0.28-a0-1506-g3893175d92 (webtiles) character file.

Game seed: 1361513625222240030

4 comborobin the Sneak (level 1, 0/18 HPs)
             Began as a Mummy Delver on Jan 14, 2022.
             Slain by a gnoll (4 damage)
             ... on level 1 of the Dungeon.
             The game lasted 00:01:16 (717 turns).

comborobin the Sneak (Mummy Delver)                  Turns: 717, Time: 00:01:17

Health: 0/18       AC:  7    Str: 15    XL:     1   Next: 50%
Magic:  0/1        EV: 11    Int:  9    God:
Gold:   12         SH:  0    Dex: 13    Spells: 0/0 levels left

rFire   x . .      SeeInvis .   j - +0 dagger (venom)
rCold   + . .      Faith    .   (no shield)
rNeg    + + +      Spirit   +   b - +0 leather armour
rPois   ∞          Reflect  .   (no helmet)
rElec   .          Harm     .   i - +0 cloak
rCorr   .          Rampage  .   (no gloves)
Will    .....                   e - +2 pair of boots {Stlth+}
Stlth   +++.......              h - amulet of guardian spirit
HPRegen 0.06/turn               (no ring)
MPRegen 0.07/turn               (no ring)

@: no status effects
A: cold resistance 1, negative energy resistance 3, torment resistance 2, heat
vulnerability 1, no potions
a: no special abilities


You were on level 1 of the Dungeon.
You visited 1 branch of the dungeon, and saw 5 of its levels.

You collected 12 gold pieces.

Inventory:

Hand Weapons
 a - a +0 mace
 j - a +0 dagger of venom (weapon)
Missiles
 g - 3 boomerangs (quivered)
Armour
 b - a +0 leather armour (worn)
 e - a +2 pair of boots of stealth (worn)
 i - a +0 cloak (worn)
Jewellery
 d - a ring of flight
 h - an amulet of guardian spirit (around neck)
Wands
 f - a wand of digging (3)
Scrolls
 c - a scroll of fog


   Skills:
 + Level 3.0 Fighting
 * Level 1.7 Maces & Flails
 + Level 1.6 Dodging
 - Level 4.1 Stealth


You couldn't memorise any spells.
You didn't know any spells.
Your spell library was empty.

Dungeon Overview and Level Annotations

Branches:
Dungeon (5/15)
 Temple: D:4-7

Altars:

Portals:
Ossuary: D:5

Annotations:
D:3 1 runed translucent door, Crazy Yiuf
D:4 Eustachio


Innate Abilities, Weirdness & Mutations

You are immune to poison.
Your flesh is cold resistant. (rC+)
You are immune to negative energy. (rN+++)
You are immune to unholy pain and torment.
You are vulnerable to heat. (rF-)
You do not drink.


Message History

g - Guard the area. f - Follow me.
Anything else - Cancel.
You shout for attention!
The gnoll shouts!
You hear a shout!
You hear an angry hiss. x2
A gnoll comes into view. It is wielding a +0 halberd.
There is a stone staircase leading up here.
The gnoll hits you with a +0 club.
You climb upwards.
There is a stone staircase leading down here.
You hit the gnoll.
The gnoll is lightly wounded.
The gnoll hits you with a +0 club.
You hit the gnoll but do no damage.
The gnoll is lightly wounded.
The gnoll hits you with a +0 club.
You are too injured to fight recklessly!
You are too injured to fight recklessly!
You barely miss the gnoll.
The gnoll is lightly wounded.
The gnoll hits you with a +0 club.
* * * LOW HITPOINT WARNING * * *
The gnoll hits you but does no damage.
You hit the gnoll.
The gnoll is lightly wounded.
The gnoll barely misses you.
You hit the gnoll.
The gnoll is moderately wounded.
The gnoll hits you but does no damage.
Okay, then.
Okay, then.
Your +0 dagger of venom begins to drip with poison!
j - a +0 dagger of venom (weapon)
The gnoll closely misses you.
You hit the gnoll.
The gnoll is heavily wounded.
The gnoll hits you but does no damage.
You hit the gnoll but do no damage.
The gnoll is poisoned.
The gnoll is heavily wounded.
The gnoll hits you with a +0 club.
You die...

# .# .#
#####.#...
.........
#........
#@# #g#
#.# #.#
#.# #..
###


You could see a gnoll (very poisoned).

Vanquished Creatures
  2 goblins (D:4)
  A quokka (D:3)
3 creatures vanquished.

Notes
Turn   | Place    | Note
-------+----------+-------------------------------------------
     0 | D:5      | comborobin the Mummy Delver began the quest for the Orb.
     0 | D:5      | Reached XP level 1. HP: 18/18 MP: 1/1
    71 | D:5      | Noticed a hound
    72 | D:5      | Noticed a hound
    93 | D:5      | Found a sand-covered staircase.
   344 | D:4      | Noticed Eustachio
   592 | D:3      | Found a runed translucent door.
   593 | D:3      | Noticed Crazy Yiuf
   717 | D:1      | Slain by a gnoll

Illustrated notes

Levels and vault maps discovered:
D:1:      lemuel_arrival_river_bridge, layout_loops_corners,
          shapermc_ecumenical_altar_mp_highgroup
D:2:      layout_loops_cross
D:3:      mumra_celtic_spiral_tile, layout_loops_ring, uniq_crazy_yiuf_cottage
D:4:      layout_loops_corners, serial_shops, nicolae_shop_advertising_works
          [nicolae_subvault_shop_adworks], uniq_duvessa, uniq_eustachio,
          uniq_robin
D:5:      layout_basic, enter_ossuary_4, uniq_edmund

Action                   || total
-------------------------++-------
Melee: Mace              ||    21
       Dagger            ||     2
  Use: Scroll            ||     2
Armor: Leather armour    ||    18
Dodge: Dodged            ||    23

Table legend: (Time is in decaauts)
 A = Elapsed time spent in this place.
 B = Non-inter-level travel time spent in this place.
 C = Inter-level travel time spent in this place.
 D = Time resting spent in this place.
 E = Time spent auto-exploring this place.
 F = Levels seen in this place.
 G = Mean time per level.
                   A        B        C        D        E       F      G
               +--------+--------+--------+--------+--------+-----+--------+
         Total |    724 |    703 |     21 |    156 |    274 |   5 |  144.8 |
       Dungeon |    724 |    703 |     21 |    156 |    274 |   5 |  144.8 |
               +--------+--------+--------+--------+--------+-----+--------+

Top non-repeatable levels by time:
     D:4: 275 daAuts
     D:3: 273 daAuts
     D:5: 110 daAuts
     D:2: 55 daAuts
     D:1: 9 daAuts
